 Dungeon Crawl Stone Soup version 0.19.0-2-gae57169 (webtiles) character file.

1195 Jerry the Skirmisher (level 8, 0/71 HPs)
             Began as a Minotaur Fighter on Nov 3, 2016.
             Slain by bworf's ghost (6 damage)
             ... on level 6 of the Dungeon.
             The game lasted 00:12:15 (3727 turns).

Jerry the Skirmisher (Minotaur Fighter)             Turns: 3727, Time: 00:12:15

Health: 0/71       AC: 11    Str: 21    XL:     8   Next: 20%
Magic:  7/7        EV:  9    Int:  5    God:
Gold:   247        SH:  6    Dex: 17    Spells: 0 memorised, 7 levels left

rFire  . . .     SeeInvis .     a - +1 long sword
rCold  . . .     Gourm    .     b - +0 scale mail
rNeg   . . .     Faith    .     z - +0 buckler
rPois  .         Spirit   .     (helmet restricted)
rElec  .         Reflect  .     (no cloak)
rCorr  .         Harm     .     k - +2 pair of gloves
MR     .....                    (no boots)
Stlth  ..........               (no amulet)
                                (no ring)
                                j - +5 ring of dexterity

@: no status effects
A: retaliatory headbutt, horns 2, regeneration 1
a: no special abilities


You were on level 6 of the Dungeon.
You were hungry.

You visited 2 branches of the dungeon, and saw 7 of its levels.

You collected 247 gold pieces.

Inventory:

Hand Weapons
 a - a +1 long sword (weapon)
 r - a +0 hunting sling
Missiles
 q - 12 sling bullets
Armour
 b - a +0 scale mail (worn)
 k - a +2 pair of gloves (worn)
 z - a +0 buckler (worn)
Jewellery
 j - a +5 ring of dexterity (left hand)
Wands
 m - a wand of acid (15/15)
Scrolls
 e - 4 scrolls of identify
 t - a scroll of enchant weapon
 u - a scroll of noise
 x - a scroll of teleportation
 y - a scroll of fear
Potions
 o - 4 potions of magic
 s - 2 potions of ambrosia
Books
 i - a book of Flames

   Spells                             Type                      Level
   a - Flame Tongue                   Conjuration/Fire             1
   b - Throw Flame                    Conjuration/Fire             2
   c - Conjure Flame                  Conjuration/Fire             3
   d - Inner Flame                    Hexes/Fire                   3
   e - Sticky Flame                   Conjuration/Fire             4
   f - Fireball                       Conjuration/Fire             5
Comestibles
 f - 5 bread rations
 g - 3 meat rations
 p - a royal jelly
 v - 3 fruits


   Skills:
 + Level 6.9 Fighting
 + Level 6.4 Long Blades
 + Level 6.7 Armour
 + Level 6.9 Shields


You had 7 spell levels left.
You didn't know any spells.

Dungeon Overview and Level Annotations

Branches:
Dungeon (6/15)             Temple (1/1) D:4

Altars:
Ashenzari
Cheibriados
Dithmenos
Fedhas
Gozag
Hepliaklqana
Kikubaaqudgha
Makhleb
Nemelex Xobeh
Okawaru
Qazlal
Ru
Sif Muna
Trog
Uskayaw
Vehumet
Xom
Yredelemnul

Annotations:
D:6 bworf's ghost, novice HOGl


Innate Abilities, Weirdness & Mutations

You reflexively headbutt those who attack you in melee.
You have a pair of horns on your head.
Your natural rate of healing is unusually fast.


Message History

You are feeling hungry.
You hit bworf's ghost.
Bworf's ghost is severely damaged.
Bworf's ghost hits you but does no damage.
You barely miss bworf's ghost. Your headbutt misses bworf's ghost.
Bworf's ghost is severely damaged.
Bworf's ghost hits you.
You hit bworf's ghost but do no damage.
You headbutt bworf's ghost, but do no damage.
Bworf's ghost is severely damaged.
You block bworf's ghost's attack.
You hit bworf's ghost.
Bworf's ghost is severely damaged.
Bworf's ghost hits you!
* * * LOW HITPOINT WARNING * * *
Bworf's ghost hits you!
* * * LOW HITPOINT WARNING * * *
You can't go down here!
Bworf's ghost hits you.
You die...

###############
#.......@W....#
.#####.#####.#
#.#####.#####.##
..........<....#
#.#####.#####..#
#.......#####..#
...............#####
##.#####.##..#.....
# #.....#..##


You could see bworf's ghost.

Vanquished Creatures
  A wyvern (D:5)
  A sky beast (D:5)
  A black bear (D:3)
  2 ogres
  A gnoll sergeant (D:5)
  2 scorpions
  2 howler monkeys
  A jelly (D:5)
  A crimson imp (D:5)
  A hound (D:5)
  An orc priest (D:3)
  An orc wizard (D:5)
  3 worker ants
  A hound zombie (D:6)
  A hound skeleton (D:4)
  7 gnolls
  4 adders
  An ooze (D:1)
  An adder zombie (D:5)
  An adder skeleton (D:5)
  A worm (D:5)
  2 dart slugs
  4 leopard geckos
  8 orcs
  6 bats
  7 giant cockroaches
  4 goblins
  5 hobgoblins
  8 jackals
  A quokka (D:2)
  6 frilled lizards
  2 kobolds (D:1)
  7 rats
95 creatures vanquished.

Notes
Turn   | Place    | Note
-------+----------+-------------------------------------------
     0 | D:1      | Jerry the Minotaur Fighter began the quest for the Orb.
     0 | D:1      | Reached XP level 1. HP: 19/19 MP: 0/0
    85 | D:1      | Reached XP level 2. HP: 24/27 MP: 1/1
   545 | D:1      | Reached XP level 3. HP: 33/33 MP: 2/2
  1426 | D:3      | Reached XP level 4. HP: 40/40 MP: 3/3
  1459 | D:3      | Found a blossoming altar of Fedhas.
  1477 | D:3      | Noticed a black bear
  1484 | D:3      | Killed a black bear
  1484 | D:3      | Reached XP level 5. HP: 43/47 MP: 4/4
  1879 | D:3      | Reached skill level 5 in Shields
  2102 | D:3      | Reached skill level 5 in Fighting
  2185 | D:4      | Noticed an ogre
  2191 | D:4      | Killed an ogre
  2191 | D:4      | Reached skill level 5 in Armour
  2191 | D:4      | Reached XP level 6. HP: 56/56 MP: 5/5
  2381 | D:4      | Found a staircase to the Ecumenical Temple.
  2390 | Temple   | Entered the Ecumenical Temple
  2931 | D:5      | Entered Level 5 of the Dungeon
  2950 | D:5      | Reached skill level 5 in Long Blades
  2963 | D:5      | Reached XP level 7. HP: 46/61 MP: 6/6
  2992 | D:5      | Gained mutation: You are clumsy. (Dex -2) [potion of mutation]
  2992 | D:5      | Gained mutation: Your natural rate of healing is unusually fast. [potion of mutation]
  2992 | D:5      | Lost mutation: You are clumsy. (Dex -2) [potion of mutation]
  3399 | D:5      | Noticed a wyvern
  3408 | D:5      | Killed a wyvern
  3408 | D:5      | Reached XP level 8. HP: 59/71 MP: 7/7
  3574 | D:6      | Found an iron altar of Okawaru.
  3575 | D:6      | Noticed bworf's ghost (novice HOGl)
  3727 | D:6      | Slain by bworf's ghost

Skill      XL: |  1  2  3  4  5  6  7 |
---------------+----------------------+-----
Shields        | 4 5 6 |  6.9
Long Blades    | 3 4 5 6 |  6.4
Armour         | 4 5 6 |  6.7
Fighting       | 4 5 6 |  6.9

Action                   |  1- 3 |  4- 6 |  7- 9 || total
-------------------------+-------+-------+-------++-------
Melee: Long sword        |    97 |    76 |   145 ||   318
       Headbutt          |    13 |    19 |    37 ||    69
  Use: Potion            |       |     1 |     2 ||     3
       Scroll            |       |       |    16 ||    16
  Eat: Chunk             |     1 |     6 |     2 ||     9
Armor: Scale mail        |    56 |    35 |    47 ||   138
Dodge: Dodged            |    30 |    24 |    27 ||    81
Block: Shield            |    53 |    46 |    47 ||   146
       Buckler           |       |       |     9 ||     9
       Rpst.: Long sword |     6 |     7 |     9 ||    22
